 Dungeon Crawl Stone Soup version 0.31.0-12-g77e489cdc1 (webtiles) character file.

Game seed: 16698467610204380359

7649 Arctor the Thaumaturge (level 10, -4/50 HPs)
             Began as a Deep Elf Fire Elementalist on Feb 26, 2024.
             Shot with an arrow by a centaur warrior (12 damage)
             ... on level 8 of the Dungeon.
             The game lasted 00:21:56 (12729 turns).

Arctor the Thaumaturge (DEFE)                      Turns: 12729, Time: 00:21:58

Health: -4/50      AC:  6    Str:  5    XL:     10   Next: 99%
Magic:  20/26      EV: 22    Int: 25    God:
Gold:   355        SH:  0    Dex: 15    Spells: 13/29 levels left

rFire   + + .        m - +0 dagger of Fedhas {drain, rPois rF++ SInv}
rCold   . . .        (no shield)
rNeg    . . .        z - +0 steam dragon scales
rPois   +            (no helmet)
rElec   .            s - +0 cloak
rCorr   .            (no gloves)
SInv    +            (no boots)
Will    +....        (no amulet)
Stlth   ++++         h - +5 ring of evasion
HPRegen 0.28/turn    n - ring of poison resistance
MPRegen 0.20/turn

%: no passive effects
@: no status effects
A: no striking features
a: no special abilities


You were on level 8 of the Dungeon.
You visited 2 branches of the dungeon, and saw 9 of its levels.

You collected 528 gold pieces.
You spent 173 gold pieces at shops.

Inventory:

Hand Weapons
 j - a +0 dagger
 m - the +0 dagger of Fedhas (weapon) {drain, rPois rF++ SInv}
   (You bought it in a shop on level 4 of the Dungeon)

   rF++:      It greatly protects you from fire.
   rPois:     It protects you from poison SInv: It lets you see invisible.
Armour
 a - a +0 robe
 s - a +0 cloak (worn)
 z - +0 steam dragon scales (worn)
Jewellery
 h - a +5 ring of evasion (left hand)
 n - a ring of poison resistance (right hand)
Wands
 q - a wand of flame (24)
 x - a wand of polymorph (5)
Scrolls
 i - 2 scrolls of enchant weapon
 k - 2 scrolls of teleportation
 l - 2 scrolls of poison
 o - a scroll of silence
 p - 2 scrolls of fear
 r - a scroll of fog
 u - a scroll of revelation
Potions
 b - 3 potions of magic
 c - 2 potions of enlightenment
 d - 2 potions of brilliance
 e - 2 potions of heal wounds {unknown}
 f - a potion of mutation
 g - 5 potions of curing {unknown}
 w - a potion of might {unknown}


   Skills:
 + Level 9.4 Dodging
 - Level 9.0 Stealth
 + Level 10.3 Spellcasting
 + Level 8.4 Conjurations
 + Level 3.9 Summonings
 + Level 9.0 Fire Magic


You had 13 spell levels left.
You knew the following spells:

 Your Spells              Type           Power      Damage    Failure   Level
a - Foxfire               Conj/Fire      100%       2x1d9     1%          1
b - Scorch                Fire           100%       2d9       1%          2
c - Volatile Blastmotes   Fire/Tloc      70%        2d15      2%          3
d - Flame Wave            Conj/Fire      54%        2d13      1%          4
e - Inner Flame           Hex/Fire       35%        N/A       2%          3
f - Summon Ice Beast      Ice/Summ       22%        N/A       6%          3

Your spell library contained the following spells:

 Spells                   Type           Power      Damage    Failure   Level
 Kiss of Death            Conj/Necr      100%       2d13      1%          1
 Call Imp                 Summ           64%        N/A       1%          2
 Mephitic Cloud           Conj/Alch/Air  27%        N/A       4%          3
 Mercury Vapours          Alch/Air       24%        N/A       7%          2
 Sublimation of Blood     Necr           12%        N/A       7%          2
 Confusing Touch          Hex            12%        N/A       14%         3
 Arcjolt                  Conj/Air       17%        1d27      24%         5
 Freezing Cloud           Conj/Ice/Air   13%        6-21      38%         5
 Dispel Undead            Necr           12%        3d9       43%         4
 Vhi's Electric Charge    Tloc/Air       24%        N/A       43%         4
 Summon Mana Viper        Hex/Summ       22%        N/A       52%         5
 Monstrous Menagerie      Summ           16%        N/A       100%        7
 Summon Hydra             Summ           16%        N/A       100%        7
 Maxwell's Capacitive Co  Air            6%         ∞         100%        8


Dungeon Overview and Level Annotations

Branches:
Dungeon (8/15)             Temple (1/1) D:6
   Lair: D:8-11

Altars:
Ashenzari
Dithmenos
Elyvilon
Fedhas
Gozag
Hepliaklqana
Kikubaaqudgha
Makhleb
Nemelex Xobeh
Okawaru
Qazlal
Ru
Sif Muna
Trog
Wu Jian
Xom
Yredelemnul
Zin
The Shining One

Shops:
D:1 [   D:4 ([*   D:6 :   D:8 *

Annotations:
D:8 3 runed translucent doors, hawla's ghost, novice MiFi


Message History

The cloud of blastmotes explodes!
The concussive blast engulfs the cyclops!
The cyclops is severely wounded.
You open the door.
There is an open translucent door here.
Casting: Volatile Blastmotes (dangerous; 2% risk of failure)
Confirm with . or Enter, or press ? or * to list all spells.
A cloud of volatile blastmotes flares up around you!
Run!
The cyclops throws a large rock.
The large rock barely misses you.
Unknown command.
The cloud of blastmotes explodes!
The concussive blast engulfs the cyclops!
The cyclops is almost dead.
Casting: Volatile Blastmotes (dangerous; 2% risk of failure)
Confirm with . or Enter, or press ? or * to list all spells.
A cloud of volatile blastmotes flares up around you!
Run!
The cloud of blastmotes explodes!
The concussive blast engulfs the cyclops!
You kill the cyclops!
The cloud of blastmotes explodes!
The concussive blast engulfs you. You resist.
You hear a shout!
Your Fire Magic skill increases to level 9!
A centaur warrior comes into view. It is wielding a staff of death.
The centaur warrior moves out of view.
A centaur warrior is nearby!
There is an open translucent door here.
You see here 4 large rocks.
There is an open translucent door here.
A centaur warrior comes into view.
It is wielding a staff of death and wearing a +1 robe of fire resistance.
The centaur warrior wields a +0 shortbow.
The centaur warrior shoots an arrow.
The arrow hits you!
The centaur warrior wields a +0 shortbow.
The centaur warrior shoots an arrow.
The arrow hits you!
Casting: Volatile Blastmotes (dangerous; 2% risk of failure)
Confirm with . or Enter, or press ? or * to list all spells.
A cloud of volatile blastmotes flares up around you!
Run!
The centaur warrior shoots an arrow.
The arrow hits you!
* * * LOW HITPOINT WARNING * * *
The centaur warrior shoots an arrow.
The arrow hits you!
You die...

#...######...#..#♣..♣P.....##...
###.##..####..#.#..P....♣##)#.##
#.##....####..#♣....♣####.#...
#.##......####....♣####..##..#
#.##........###.♣####.##.##.##
####.##..........#####....#.##...
.....##........##.##......#.##.##
.....##......#####...(##....##.##
.....##....#####@###......#.##..#
####.##..######.#.####....#.##...
#...#.########'##..####.##.##.#.
#...#.#####)...##.c..####..##...
#...##....'))..####.c..######.##
###.#######)÷..##....#...# #.#
#.# #####(##........(. #.# #.#
#####.##.##..##.####.## ####)#
##.#. ...###......


You could see 2 centaur warriors.

Vanquished Creatures
  A centaur warrior (D:8)
  A two-headed ogre (D:8)
  An ugly thing (D:8)
  A cyclops (D:8)
  A hornet (D:8)
  Sigmund (D:4)
  10 yaks (D:8)
  3 steam dragons (D:8)
  A water moccasin (D:8)
  2 sky beasts
  2 black bears (D:6)
  4 ice beasts
  2 ogres
  2 phantoms
  3 bullfrogs
  A kobold brigand (D:8)
  7 wights
  4 killer bees (D:8)
  8 howler monkeys
  3 vampire bats (D:6)
  2 jellies (D:6)
  6 bombardier beetles
  A gnoll bouda (D:6)
  6 hounds
  4 orc priests
  3 iguanas
  Natasha (thrice) (D:2)
  9 orc wizards
  8 gnolls
  4 adders
  3 river rats (D:3)
  2 shadow imps
  A white imp (D:7)
  2 ufetubi (D:5)
  4 ribbon worms
  5 dart slugs
  25 orcs
  7 ball pythons
  3 bat skeletons (D:6)
  2 bat zombies (D:6)
  8 endoplasms
  4 giant cockroaches
  8 goblins
  10 hobgoblins
  2 jackals (D:1)
  7 kobolds
  4 quokkas
  4 bats
  2 frilled lizards
  2 rats
209 creatures vanquished.

Vanquished Creatures (collateral kills)
  32 foxfires
32 creatures vanquished.

Vanquished Creatures (others)
  A shadow (D:8)
  973 foxfires
974 creatures vanquished.

Grand Total: 1215 creatures vanquished

Notes
Turn   | Place    | Note
-------+----------+-------------------------------------------
     0 | D:1      | Arctor the Deep Elf Fire Elementalist began the quest for
                  | the Orb.
     0 | D:1      | Reached XP level 1. HP: 10/10 MP: 6/6
   218 | D:1      | Found Hih Pok's Antique Armour Shoppe.
   461 | D:1      | Reached XP level 2. HP: 15/15 MP: 4/8
  1379 | D:2      | Reached XP level 3. HP: 19/19 MP: 0/9
  1838 | D:2      | Noticed Natasha
  1846 | D:2      | Learned a level 2 spell: Scorch
  1848 | D:2      | Killed Natasha
  1940 | D:2      | Noticed Natasha
  1944 | D:2      | Killed Natasha
  1945 | D:2      | Reached XP level 4. HP: 24/24 MP: 2/11
  2033 | D:2      | Noticed Natasha
  2038 | D:2      | Killed Natasha
  2039 | D:2      | Reached skill level 4 in Spellcasting
  2921 | D:3      | Reached XP level 5. HP: 28/28 MP: 1/13
  3466 | D:3      | Reached XP level 6. HP: 32/32 MP: 10/14
  4312 | D:4      | Found Xymoh's Antique Armour Boutique.
  4366 | D:4      | Found an ornate altar of the Wu Jian Council.
  4520 | D:4      | Reached skill level 5 in Spellcasting
  4566 | D:4      | Found Nutuif's Antique Weapon Shop.
  4580 | D:4      | Bought an iridescent dagger for 147 gold pieces
  4580 | D:4      | Identified the +0 dagger of Fedhas {drain, rPois rF++ SInv}
                  | (You bought it in a shop on level 4 of the Dungeon)
  4585 | D:4      | Learned a level 3 spell: Volatile Blastmotes
  4637 | D:4      | Noticed Sigmund
  4642 | D:4      | Killed Sigmund
  4643 | D:4      | Reached skill level 5 in Stealth
  4643 | D:4      | Reached skill level 5 in Fire Magic
  4643 | D:4      | Reached XP level 7. HP: 36/36 MP: 10/16
  4693 | D:4      | Found a shimmering altar of Xom.
  5031 | D:4      | Found Uneeruwe's General Store.
  5133 | D:4      | Bought a scroll of identify for 26 gold pieces
  5764 | D:5      | Entered Level 5 of the Dungeon
  5771 | D:5      | Reached skill level 5 in Dodging
  5981 | D:5      | Found a hazy altar of Hepliaklqana.
  6145 | D:5      | Reached skill level 6 in Spellcasting
  6242 | D:5      | Reached XP level 8. HP: 41/41 MP: 10/19
  6853 | D:5      | Found a shadowy altar of Dithmenos.
  6859 | D:5      | Learned a level 4 spell: Flame Wave
  6915 | D:5      | Found a white marble altar of Elyvilon.
  7152 | D:6      | Found a staircase to the Ecumenical Temple.
  7180 | Temple   | Entered the Ecumenical Temple
  7182 | Temple   | Reached skill level 5 in Conjurations
  7407 | Temple   | Learned a level 3 spell: Inner Flame
  7525 | D:6      | Found a stormy altar of Qazlal.
  7776 | D:6      | Found Vitid's Book Shoppe.
  7780 | D:6      | Reached skill level 7 in Spellcasting
  7855 | D:6      | Found an opulent altar of Gozag.
  8355 | D:6      | Found a blossoming altar of Fedhas.
  8608 | D:6      | Found an ancient bone altar of Kikubaaqudgha.
  8620 | D:6      | Reached XP level 9. HP: 43/45 MP: 9/22
  9027 | D:7      | Found a broken altar of Ashenzari.
  9694 | D:7      | Reached skill level 8 in Spellcasting
 10389 | D:8      | Found a runed translucent gate.
 10389 | D:8      | Found a runed translucent gate.
 10389 | D:8      | Noticed a spectral unseen horror
 10389 | D:8      | Noticed a spectral unseen horror
 10390 | D:8      | Found a runed translucent gate.
 10394 | D:8      | Noticed hawla's ghost (novice MiFi)
 10433 | D:8      | Found Roteze's Neck Hole.
 10770 | D:8      | Reached XP level 10. HP: 50/50 MP: 9/24
 10774 | D:8      | Reached skill level 9 in Spellcasting
 10892 | D:8      | Found a sacrificial altar of Ru.
 10936 | D:8      | Found a shimmering blue altar of Sif Muna.
 11218 | D:8      | Found a runed translucent door.
 11218 | D:8      | Noticed a red ugly thing
 11219 | D:8      | Noticed a two-headed ogre
 11317 | D:8      | Learned a level 3 spell: Summon Ice Beast
 11446 | D:8      | Reached skill level 1 in Summonings
 12043 | D:8      | Noticed a centaur warrior
 12045 | D:8      | Found a runed translucent door.
 12045 | D:8      | Found a runed translucent door.
 12351 | D:8      | Killed a red ugly thing
 12352 | D:8      | Killed a two-headed ogre
 12353 | D:8      | Reached skill level 10 in Spellcasting
 12354 | D:8      | Killed a centaur warrior
 12431 | D:8      | Noticed a cyclops
 12661 | D:8      | Killed a cyclops
 12718 | D:8      | Noticed a centaur warrior
 12728 | D:8      | Noticed a centaur warrior
 12729 | D:8      | Shot with an arrow by a centaur warrior

Illustrated notes

Levels and vault maps discovered:
D:1:      lightli_molten_gateway, layout_basic, serial_shops, shop
D:2:      layout_basic, st_stairs_6, minmay_3d_cube, uniq_natasha
D:3:      layout_basic, gup_sewer_entry_spiral
D:4:      layout_layer_cave, nicolae_wu_jian_wuxing_cycle,
          mainiacjoe_overflow_six_doors_small, serial_forest,
          infiniplex_forest_lined_3, infiniplex_forest_clump_medium,
          infiniplex_forest_lined_2, infiniplex_forest_lined_room_2,
          infiniplex_forest_clump_C, infiniplex_forest_end_1,
          infiniplex_forest_clump_medium, serial_shops, shop, shop, shop,
          uniq_sigmund
D:5:      layout_basic, general_overflow_altar, lemuel_coloured_pillars_altar,
          nicolae_elyvilon_temple_path
D:6:      layout_basic, old_standard_altar, nicolae_overflow_crystal_walls,
          marbit_many_paths, kennysheep_vampire_church,
          minmay_temple_entry_glass, kennysheep_small_circle
D:7:      layout_basic, kennysheep_mini
D:8:      minmay_the_grid_triangle_9x9_rhombus_full
          [minmay_the_grid_triangle_9x9_zippers_horizontal,
          minmay_the_grid_triangle_9x9_empty,
          minmay_the_grid_triangle_9x9_corruption,
          minmay_the_grid_triangle_9x9_shrine,
          minmay_the_grid_triangle_9x9_dagger,
          minmay_the_grid_triangle_9x9_swiss_cheese,
          minmay_the_grid_triangle_9x9_fully_insulated_deathbox,
          minmay_the_grid_triangle_9x9_prize_insulated], layout_loops_cross,
          nicolae_sif_muna_condensation, mainiacjoe_overflow_surrounded_room,
          gammafunk_ghost_necromancy, nicolae_shop_sticking_my_neck_out
Temple:   hellmonk_temple_two_chambers

Skill      XL: |  1  2  3  4  5  6  7  8  9 10 |
---------------+-------------------------------+-----
Stealth        | 3 4 5 7 8 9 |  9.0
Dodging        | 3 4 5 6 8 9 |  9.4
Conjurations   | 2 3 4 5 7 8 |  8.4
Spellcasting   | 4 5 6 7 8 10 | 10.3
Fire Magic     | 4 5 6 7 9 |  9.0
Summonings     | 3 |  3.9

Action                     |  1- 3 |  4- 6 |  7- 9 | 10-12 || total
---------------------------+-------+-------+-------+-------++-------
  Melee: Dagger            |       |     2 |     2 |    10 ||    14
   Cast: Foxfire           |   120 |   177 |   291 |    12 ||   600
         Scorch            |     2 |    15 |    50 |    19 ||    86
         Flame Wave        |       |       |     6 |     5 ||    11
         Volatile Blastmot |       |       |       |    16 ||    16
         Inner Flame       |       |       |       |     2 ||     2
         Summon Ice Beast  |       |       |       |     1 ||     1
    Use: Scroll            |       |     4 |     7 |     1 ||    12
         Potion            |       |       |       |     2 ||     2
 Armour: Robe              |     4 |     2 |    38 |     1 ||    45
         Steam dragon scal |       |       |       |    11 ||    11
  Dodge: Dodged            |    12 |     3 |    86 |    17 ||   118
